 Dungeon Crawl Stone Soup version 0.20-a0-1124-g2e29d97 (console) character file.

10210 nht the Thrower (level 11, -4/121 (123) HPs)
             Began as an Ogre Hunter on May 16, 2017.
             Was a High Priest of Okawaru.
             Slain by a guardian serpent (shapeshifter) (15 damage)
             ... on level 13 of the Dungeon.
             The game lasted 00:22:59 (8457 turns).

nht the Thrower (Ogre Hunter)                       Turns: 8457, Time: 00:23:01

HP:   -4/121 (123)  AC:  7    Str: 25    XL:     11   Next: 58%
MP:   6/6           EV: 10    Int: 12    God:    Okawaru [*****.]
Gold: 534           SH:  0    Dex: 14    Spells: 10/10 levels left

rFire    . . .     SeeInvis +   a - +8 Wrath of Trog {antimagic, *Rage}
rCold    . . .     Gourm    .   (shield currently unavailable)
rNeg     . . .     Faith    .   d - +0 troll leather armour
rPois    .         Spirit   .   (helmet restricted)
rElec    .         Reflect  .   g - +1 cloak
rCorr    .         Harm     .   (gloves unavailable)
MR       +....     Rnd*Rage +   (boots unavailable)
Stlth    +.........             p - amulet of regeneration
Regen    1.1/turn               L - ring of see invisible
MPRegen  0.1/turn               D - ring of Giwyrch {Str+4 Dex+5}

@: lethally poisoned (-4 -> -5), about to teleport, slowed, very slow
A: unfitting armour, tough skin 1
a: Heroism, Finesse, Renounce Religion


You were on level 13 of the Dungeon.
You worshipped Okawaru.
Okawaru was extremely pleased with you.
You were not hungry.

You visited 1 branch of the dungeon, and saw 11 of its levels.

You collected 604 gold pieces.
You spent 70 gold pieces at shops.

Inventory:

Hand Weapons
 a - the +8 Wrath of Trog (weapon) {antimagic, *Rage}
   (Okawaru gifted it to you on level 9 of the Dungeon)

   It reduces the magical energy of the wielder, and disrupts the spells and
   magical abilities of those hit.
   Natural abilities and divine invocations are not affected.
   It may make you go berserk in combat.
Missiles
 h - 2 needles of sleeping
 l - 179 stones
 n - 4 exploding tomahawks
 t - 59 poisoned needles
 v - 4 large rocks (quivered)
 z - 6 poisoned javelins
 Q - 10 tomahawks
 R - 2 javelins
Armour
 d - a +0 troll leather armour (worn)
 g - a +1 cloak (worn)
Magical Staves
 y - an uncursed staff of summoning
Jewellery
 p - an amulet of regeneration (around neck)
 x - an uncursed ring of protection from cold
 D - the ring of Giwyrch (right hand) {Str+4 Dex+5}
   (You found it on level 5 of the Dungeon)

   [ring of strength]

   It affects your strength (+4).
   It affects your dexterity (+5).
 G - an uncursed ring of positive energy
 K - an uncursed ring of protection from fire
 L - a ring of see invisible (left hand)
Wands
 A - a wand of random effects (0/48)
 N - a wand of acid (0/15)
Scrolls
 j - a scroll of amnesia
 k - 6 scrolls of fog
 m - 7 scrolls of teleportation
 F - 4 scrolls of remove curse
 S - a scroll of enchant armour
 T - 2 scrolls of immolation
Potions
 e - 2 potions of might
 s - 2 potions of flight
 u - 2 potions of lignification
 B - 2 potions of berserk rage {unknown}
 C - a potion of brilliance {unknown}
 I - a potion of resistance {unknown}
 M - 4 potions of curing {unknown}
 O - 2 potions of heal wounds {unknown}
Books
 E - a book of Minor Magic

   Spells                             Type                      Level
   a - Magic Dart                     Conjuration                  1
   b - Blink                          Translocation                2
   c - Call Imp                       Summoning                    2
   d - Slow                           Hexes                        2
   e - Conjure Flame                  Conjuration/Fire             3
   f - Mephitic Cloud                 Conjuration/Poison/Air       3
Comestibles
 f - 10 bread rations
 i - 6 meat rations
 q - 4 royal jellies
 w - 2 fruits


   Skills:
 + Level 12.0 Fighting
 * Level 12.8 Throwing
 - Level 1.7 Dodging
 - Level 0.6 Stealth
 + Level 9.8 Invocations


You had 10 spell levels left.
You didn't know any spells.

Dungeon Overview and Level Annotations

Branches:
Dungeon (10/15)            Temple (0/1) D:6            Lair (0/6) D:9
    Orc: D:9-12

Altars:
Ashenzari
Dithmenos
Elyvilon
Gozag
Hepliaklqana
Kikubaaqudgha
Makhleb
Okawaru
Qazlal
Ru
Sif Muna
Wu Jian
Xom
Yredelemnul

Shops:
D:4 ?


Innate Abilities, Weirdness & Mutations

You are too large for most types of armour.
You have tough skin. (AC +1)


Message History

Aim: a guardian serpent shaped shifter You throw a large rock.
The large rock hits the guardian serpent!!
The guardian serpent is severely wounded.
You feel sick. The unseen horror hits you.
* * * LOW HITPOINT WARNING * * *
The guardian serpent hits you!!
* * * LOW HITPOINT WARNING * * *
The guardian serpent barely misses you.
You hear a bark!
Throwing (i - inventory. (,) - cycle):
v - 5 large rocks (quivered)
Press: ? - help, Shift-Dir - straight line, f/p - guardian serpent
Aim: a guardian serpent shaped shifter (severely wounded)
You throw a large rock.
The large rock closely misses the guardian serpent.
You feel like a meek peon again.
You feel sick.
You hear a bark!
The unseen horror barely misses you. The guardian serpent hits you!
You die... ..........█.... ..........█.... ..........+.... ..........█.... ███████

.██████'███....
.......███.█.............
....K..█.(.█..(..........
.....§.S(..█..(......████
......§█@x.█.........█...
.......█...█.........█...
...§§R.█...█.......>.█...
§.R.§..██'██.........█.██
█§███'██.......███████.██
. .. █......)█........█
.. █.......█........█
█.......█........█
█.......█........█


You could see a guardian serpent shaped shifter, a kobold demonologist and an
unseen horror (invisible).

Vanquished Creatures
  A centaur warrior (D:13)
  A two-headed ogre (D:8)
  The ghost of Wiebster667 the Frost Mage, a novice HuIE (D:8)
  An unseen horror (D:13)
  A cyclops (D:13)
  Psyche (D:8)
  2 trolls (D:9)
  Prince Ribbit (D:8)
  A hornet (D:13)
  A spriggan (D:7)
  Sigmund (D:3)
  8 yaks
  A wyvern (D:8)
  A water moccasin (D:9)
  2 sky beasts
  4 orc warriors
  5 phantoms
  2 black bears
  3 necrophages
  4 ice beasts
  2 ogres
  2 wolves (D:9)
  2 centaurs
  4 bullfrogs
  A wyvern zombie (D:10)
  2 scorpions
  3 killer bees (D:10)
  5 wights (D:8)
  2 howler monkeys
  4 electric eels (D:9)
  2 bullfrog zombies
  5 crimson imps
  An orc priest (D:10)
  2 centaur skeletons
  7 hounds
  2 jellies
  Crazy Yiuf (D:5)
  A bullfrog skeleton (D:4)
  2 iguanas
  3 orc wizards
  4 worker ants
  A hound skeleton (D:6)
  2 worker ant zombies (D:8)
  6 gnolls
  6 adders
  5 shadow imps
  An ooze (D:7)
  An adder zombie (D:6)
  2 worms (D:3)
  2 dart slugs
  7 leopard geckos
  31 orcs
  A ball python (D:3)
  3 giant cockroaches
  5 goblins
  9 hobgoblins
  7 jackals
  14 kobolds
  5 quokkas
  4 bats
  7 frilled lizards
  A quokka skeleton (D:5)
  A quokka zombie (D:9)
  3 rats (D:3)
  A fungus (D:5)
224 creatures vanquished.

Vanquished Creatures (others)
  A jelly (D:13)
1 creature vanquished.

Grand Total: 225 creatures vanquished

Notes
Turn   | Place    | Note
-------+----------+-------------------------------------------
     0 | D:1      | nht the Ogre Hunter began the quest for the Orb.
     0 | D:1      | Reached XP level 1. HP: 22/22 MP: 1/1
   188 | D:1      | Reached XP level 2. HP: 18/29 MP: 2/2
   272 | D:1      | You fall through a shaft!
   459 | D:2      | Reached XP level 3. HP: 36/36 MP: 3/3
   473 | D:2      | Reached skill level 5 in Throwing
   764 | D:2      | Reached XP level 4. HP: 43/44 MP: 4/4
  1663 | D:3      | Found a shimmering altar of Xom.
  1714 | D:3      | Noticed Sigmund
  1936 | D:3      | Found a basalt altar of Yredelemnul.
  1936 | D:3      | Found a deep blue altar of Sif Muna.
  1937 | D:3      | Found a burning altar of Makhleb.
  1938 | D:3      | Found a stormy altar of Qazlal.
  1938 | D:3      | Found an opulent altar of Gozag.
  1938 | D:3      | Found an iron altar of Okawaru.
  1950 | D:3      | Became a worshipper of Warmaster Okawaru
  1965 | D:3      | Killed Sigmund
  1965 | D:3      | Reached XP level 5. HP: 50/50 MP: 5/5
  1965 | D:3      | Reached XP level 6. HP: 59/59 MP: 6/6
  2173 | D:3      | Found an ornate altar of the Wu Jian Council.
  2276 | D:3      | Found a shadowy altar of Dithmenos.
  2459 | D:4      | Found Woakerhefro's Magic Scroll Shoppe.
  2465 | D:4      | Bought a scroll of teleportation for 42 gold pieces
  2465 | D:4      | Bought a scroll of fog for 28 gold pieces
  3274 | D:5      | Entered Level 5 of the Dungeon
  3307 | D:5      | Reached * piety under Okawaru
  3307 | D:5      | Reached XP level 7. HP: 67/67 MP: 7/7
  3330 | D:5      | Got a coiled iron ring
  3343 | D:5      | Identified the ring of Giwyrch {Str+4 Dex+5} (You found it on level 5 of the Dungeon)
  3405 | D:5      | Found a sacrificial altar of Ru.
  3436 | D:5      | Found an ancient bone altar of Kikubaaqudgha.
  3511 | D:5      | Reached skill level 1 in Invocations
  4006 | D:5      | Found a runed door.
  4010 | D:5      | Noticed Crazy Yiuf
  4018 | D:5      | Killed Crazy Yiuf
  4126 | D:6      | Reached ** piety under Okawaru
  4131 | D:6      | Reached XP level 8. HP: 79/79 MP: 8/10
  4203 | D:6      | Reached skill level 5 in Fighting
  4340 | D:6      | Found a staircase to the Ecumenical Temple.
  4473 | D:6      | Reached *** piety under Okawaru
  4842 | D:6      | Reached skill level 5 in Invocations
  4922 | D:7      | Found a shattered altar of Ashenzari.
  4931 | D:7      | Found a white marble altar of Elyvilon.
  4955 | D:7      | Reached XP level 9. HP: 66/93 MP: 12/12
  5366 | D:7      | Found an ancient bone altar of Kikubaaqudgha.
  5700 | D:8      | Noticed Psyche
  5713 | D:8      | Noticed Wiebster667's ghost (novice HuIE)
  5765 | D:7      | Reached skill level 10 in Throwing
  5793 | D:8      | Reached **** piety under Okawaru
  5931 | D:8      | Killed Psyche
  5942 | D:8      | Received a gift from Okawaru
  5975 | D:8      | Killed Wiebster667's ghost
  5975 | D:8      | Reached ***** piety under Okawaru
  5975 | D:8      | Reached XP level 10. HP: 105/105 MP: 12/15
  6029 | D:8      | Noticed a two-headed ogre
  6033 | D:8      | Killed a two-headed ogre
  6033 | D:8      | Received a gift from Okawaru
  6065 | D:8      | Noticed Prince Ribbit
  6077 | D:8      | Reached skill level 10 in Fighting
  6079 | D:8      | Received a gift from Okawaru
  6080 | D:8      | Killed Prince Ribbit
  6214 | D:8      | Found a sacrificial altar of Ru.
  6686 | D:9      | Received a gift from Okawaru
  6795 | D:9      | Received a gift from Okawaru
  6925 | D:9      | Reached XP level 11. HP: 56/118 MP: 17/17
  7099 | D:9      | Found a staircase to the Lair.
  7447 | D:9      | Found a hazy altar of Hepliaklqana.
  7555 | D:10     | Entered Level 10 of the Dungeon
  8133 | D:10     | You fall through a shaft for 3 floors!
  8238 | D:13     | Noticed an unseen horror
  8243 | D:13     | Killed an unseen horror
  8268 | D:13     | Noticed a cyclops
  8275 | D:13     | Killed a cyclops
  8275 | D:13     | Received a gift from Okawaru
  8428 | D:13     | Noticed a centaur warrior
  8431 | D:13     | Killed a centaur warrior
  8451 | D:13     | Noticed an unseen horror
  8453 | D:13     | Paralysed by a hornet for 1 turns
  8454 | D:13     | Received a gift from Okawaru
  8457 | D:13     | Slain by a guardian serpent (shapeshifter)

Vault maps used:
D:1:      lemuel_arrival_lava_pool
D:2:      first_bread
D:3:      xom_butterflies, grunt_temple_overflow_open, minitemple, uniq_sigmund
D:4:      serial_shops, nicolae_shop_trees, minmay_misc_feat_chi
D:5:      lemuel_doored_altar, serial_glass, glass_columns_a, glass_columns_a,
          basic_altar, uniq_crazy_yiuf_cottage
D:6:      temple_pool_b, kennysheep_generic_room_13
D:7:      nicolae_overflow_hidden_temple, overflow_temple_1_default,
          evilmike_ruin_ashenzari, the_bakery
D:8:      nicolae_ru_path_of_blood, uniq_psyche, uniq_prince_ribbit1
D:9:      erik_lair_island, basic_altar
D:10:     serial_shops, shop
D:13:     serial_shops, nicolae_shop_stone, fedhas_altar_fruit_tree, uniq_nessos

Skill      XL: |  1  2  3  4  5  6  7  8  9 10 11 |
---------------+----------------------------------+-----
Throwing       | 5 7 8 9 10 11 12 | 12.8
Fighting       | 3 4 7 9 11 12 | 12.0
Invocations    | 2 5 7 8 9 |  9.8
Dodging        | |  1.7
Stealth        | |  0.6

Action                   |  1- 3 |  4- 6 |  7- 9 | 10-12 || total
-------------------------+-------+-------+-------+-------++-------
Melee: Short sword       |    71 |    10 |       |       ||    81
       Staff             |       |     2 |       |       ||     2
       Quarterstaff      |       |       |     8 |       ||     8
       Flail             |       |       |     5 |     7 ||    12
       Battleaxe         |       |       |       |    22 ||    22
Throw: Stone             |     6 |   310 |   271 |   175 ||   762
       Javelin           |     7 |     2 |     7 |    21 ||    37
       Large rock        |     4 |     6 |     8 |    10 ||    28
       Tomahawk          |       |     4 |   119 |   151 ||   274
       Throwing net      |       |       |     2 |     2 ||     4
Invok: Heroism           |       |       |     2 |     2 ||     4
Evoke: Wand              |       |       |     8 |    20 ||    28
  Use: Scroll            |       |     5 |     6 |     5 ||    16
       Potion            |       |       |     2 |     2 ||     4
  Eat: Chunk             |       |     7 |     8 |     7 ||    22
Armor: Robe              |    20 |    28 |    27 |    49 ||   124
       Skin              |       |       |       |    38 ||    38
Dodge: Dodged            |    45 |    73 |    60 |    76 ||   254
